 Dungeon Crawl Stone Soup version 0.31.0-11-ge490571c62 (webtiles) character file.

Game seed: 688714701534847990

5 Bravepunisher the Ducker (level 1, 0/11 HPs)
             Began as a Spriggan Monk on Feb 3, 2024.
             Was a Believer of Makhleb.
             Slain by an ufetubus (3 damage)
             ... on level 7 of the Dungeon.
             The game lasted 00:02:46 (425 turns).

Bravepunisher the Ducker (Spriggan Monk)             Turns: 425, Time: 00:02:47

Health: 0/11       AC:  2    Str:  7    XL:     1   Next: 66%
Magic:  2/2        EV: 19    Int: 11    God:    Makhleb [**....]
Gold:   24         SH:  0    Dex: 17    Spells: 0/0 levels left

rFire   . . .        a - +0 short sword
rCold   . . .        (no shield)
rNeg    . . .        b - +0 robe
rPois   .            (helmet restricted)
rElec   .            (no cloak)
rCorr   .            (gloves unavailable)
SInv    +            (boots unavailable)
Will    .....        (no amulet)
Stlth   ++           (no ring)
HPRegen 0.21/turn    (no ring)
MPRegen 0.08/turn

%: no passive effects
@: very quick
A: very small, no large weapons, unfitting armour, see invisible, speed 3
a: Renounce Religion, Minor Destruction


You were on level 7 of the Dungeon.
You worshipped Makhleb.
Makhleb was pleased with you.
You visited 1 branch of the dungeon, and saw 7 of its levels.

You collected 24 gold pieces.

Inventory:

Hand Weapons
 a - a +0 short sword (weapon)
Armour
 b - a +0 robe (worn)
Scrolls
 e - a scroll of teleportation {unknown}
 f - a scroll of immolation {unknown}
 g - a scroll of revelation {unknown}
 j - 3 scrolls of noise {unknown}
Potions
 c - a potion of ambrosia
 d - a potion of resistance {unknown}
 h - a potion of heal wounds {unknown}
 i - a potion of cancellation {unknown}
 k - a potion of haste {unknown}


   Skills:
 + Level 2.5 Fighting
 - Level 3.2 Short Blades
 * Level 4.3 Dodging


You couldn't memorise any spells.
You didn't know any spells.
Your spell library was empty.

Dungeon Overview and Level Annotations

Branches:
Dungeon (7/15)
 Temple: D:4-7

Altars:
Makhleb

Shops:
D:4 *


Innate Abilities, Weirdness & Mutations

You are very small and have problems with some larger weapons.
You are too small for most types of armour.
You have supernaturally acute eyesight. (SInv)
You cover ground extremely quickly. (Speed+++)


Message History

The ufetubus hits you.
There is a stone staircase leading down here.
The ufetubus slips past you! The ufetubus completely misses you.
The ufetubus hits you. The ufetubus misses you. The ufetubus barely misses you.
The ufetubus misses you. The ufetubus closely misses you.
You climb downwards.
Found a whip.
Found a burning altar of Makhleb.
There is a stone staircase leading up here.
Unknown command.
The ufetubus hits you. The ufetubus closely misses you.
The ufetubus attacks as it pursues you! The ufetubus closely misses you.
The ufetubus barely misses you. The ufetubus attacks as it pursues you!
The ufetubus completely misses you. The ufetubus misses you.
The ufetubus attacks as it pursues you! The ufetubus hits you.
* * * LOW HITPOINT WARNING * * *
The ufetubus completely misses you.
There is a burning altar of Makhleb, spattered with blood here.
Things that are here:
a +0 whip; a +0 robe Unknown command.
Press < or > to pray at altars.
You kneel at the altar of Makhleb.
Makhleb welcomes you!
You can now gain health from killing.
You can now harness Makhleb's destructive might.
The ufetubus barely misses you. The ufetubus completely misses you.
Unknown command.
Press < or > to pray at altars.
Found a scroll labelled CYTHIMUTSU.
The ufetubus attacks as it pursues you!
The ufetubus hits you but does no damage.
The ufetubus misses you. The ufetubus attacks as it pursues you!
The ufetubus closely misses you. x2
The ufetubus attacks as it pursues you! The ufetubus closely misses you.
The ufetubus completely misses you.
You open the door. The ufetubus slips past you! The ufetubus misses you.
The ufetubus hits you but does no damage.
The ufetubus attacks as it pursues you! The ufetubus misses you.
The ufetubus hits you.
You die...

#
#........##
#.?......#
#####....#
#....#
#....#
#....#######
#....#.....#
#...5#.....#
#...5@.....#
#....#.....#
######.....#
.....#
.....#
.....#
.....#
.....#


You could see 2 ufetubi.

Vanquished Creatures
  A dart slug (D:1)
  A giant cockroach (D:1)
  A ball python (D:1)
  A goblin (D:4)
4 creatures vanquished.

Notes
Turn   | Place    | Note
-------+----------+-------------------------------------------
     0 | D:1      | Bravepunisher the Spriggan Monk began the quest for the
                  | Orb.
     0 | D:1      | Reached XP level 1. HP: 11/11 MP: 2/2
   104 | D:4      | Found Ea-nāṣir's Fine Metal Goods.
   116 | D:4      | Noticed a hound
   205 | D:5      | Entered Level 5 of the Dungeon
   227 | D:5      | Noticed an iguana
   312 | D:6      | Noticed a bombardier beetle
   366 | D:6      | Noticed an ogre
   380 | D:6      | Noticed a water moccasin
   381 | D:6      | Noticed a bombardier beetle
   405 | D:7      | Noticed a wraith
   405 | D:7      | Found a burning altar of Makhleb.
   412 | D:7      | Became a worshipper of Makhleb the Destroyer
   412 | D:7      | Reached * piety under Makhleb
   412 | D:7      | Reached ** piety under Makhleb
   425 | D:7      | Slain by an ufetubus

Illustrated notes

Levels and vault maps discovered:
D:1:      shiori_shiawase, layout_rooms, minmay_door_square,
          amcnicky_mini_corridor_feature
D:2:      layout_loops_ring, serial_bayou_lake_a
D:3:      layout_loops_corners, grunt_ministairs_7
D:4:      layout_basic, mainiacjoe_overflow_concentric_impassable,
          mainiacjoe_ossuary_entry_dusty_tomb, hangedman_feature_mirror,
          nicolae_ea-nasir_strikes_again, uniq_edmund, uniq_pikel
D:5:      layout_loops_ring, grunt_dithmenos_shadows
D:6:      layout_basic, wad_floor_pattern_untrapped, minmay_misc_feat_rugged
D:7:      layout_gridville, lemuel_zombie_altar_yredelemnul, bloody_makhleb,
          minitemple, temple_pool_b, minivault_14

Action                     || total
---------------------------++-------
  Melee: Short sword       ||    18
   Stab: Sleeping          ||     1
 Armour: Robe              ||    12
  Dodge: Dodged            ||    53
